 Dungeon Crawl Stone Soup version 0.21-a0-279-g6037ffb (webtiles) character file.

336 tilp the Firebug (level 6, -2/45 HPs)
             Began as a Hill Orc Fire Elementalist on Sept 23, 2017.
             Slain by Edmund
             ... wielding a +3 dire flail of protection
              (8 damage)
             ... on level 4 of the Dungeon.
             The game lasted 00:15:04 (5912 turns).

tilp the Firebug (Hill Orc Fire Elementalist)       Turns: 5912, Time: 00:15:05

Health: -2/45      AC:  3    Str: 16    XL:     6   Next: 54%
Magic:  3/11       EV: 12    Int: 17    God:
Gold:   301        SH:  0    Dex: 11    Spells: 6/12 levels left

rFire    . . .     SeeInvis .   a - +0 war axe
rCold    . . .     Gourm    .   (no shield)
rNeg     . . .     Faith    .   j - +0 robe
rPois    .         Spirit   .   A - +0 helmet
rElec    .         Reflect  .   (no cloak)
rCorr    .         Harm     .   (no gloves)
MR       .....                  (no boots)
Stlth    ++........             (no amulet)
HPRegen  0.15/turn              (no ring)
MPRegen  0.12/turn              (no ring)

@: mighty
A: no striking features
a: no special abilities


You were on level 4 of the Dungeon.
You were not hungry.

You visited 1 branch of the dungeon, and saw 4 of its levels.

You collected 301 gold pieces.

Inventory:

Hand Weapons
 a - a +0 war axe (weapon)
 b - a +0 hunting sling
 h - a +0 mace
 k - a cursed -3 dagger
 x - a -2 dagger
 y - a +0 dagger
Missiles
 e - 187 stones
 o - 10 sling bullets
 w - 5 tomahawks (quivered)
Armour
 j - a +0 robe (worn)
 A - a +0 helmet (worn)
Jewellery
 p - a +3 ring of dexterity {unknown}
Scrolls
 d - 3 scrolls of magic mapping
 l - a scroll of teleportation {unknown}
 m - a scroll of fog {unknown}
 s - a scroll of remove curse
 z - 3 scrolls of fear
 B - a scroll of enchant armour {unknown}
Potions
 f - 2 potions of agility {unknown}
 i - 2 potions of haste {unknown}
 n - 3 potions of invisibility
 q - a potion of brilliance {unknown}
 u - a potion of resistance {unknown}
 v - a potion of curing {unknown}
Books
 t - a book of Flames

   Spells                             Type                      Level
   a - Flame Tongue                   Conjuration/Fire             1
   b - Throw Flame                    Conjuration/Fire             2
   c - Conjure Flame                  Conjuration/Fire             3
   d - Inner Flame                    Hexes/Fire                   3
   e - Sticky Flame                   Conjuration/Fire             4
   f - Fireball                       Conjuration/Fire             5
Comestibles
 c - 4 bread rations
 r - 3 meat rations


   Skills:
 + Level 3.5 Axes
 - Level 1.5 Dodging
 - Level 1.5 Stealth
 + Level 3.5 Spellcasting
 - Level 2.8 Conjurations
 - Level 4.3 Fire Magic


You had 6 spell levels left.
You knew the following spells:

 Your Spells              Type           Power        Failure   Level  Hunger
a - Flame Tongue          Conj/Fire      ###..        3%          1    None
b - Throw Flame           Conj/Fire      ###...       6%          2    ##.....
c - Conjure Flame         Conj/Fire      ###.....     12%         3    ###....


Dungeon Overview and Level Annotations

Branches:
Dungeon (4/15)
 Temple: D:4-7

Altars:
Dithmenos
Fedhas
Hepliaklqana
Qazlal
Trog
Xom

Annotations:
D:4 Edmund, Grinder


Message History

You see here a war axe.
Things that are here:
a ring mail; a club
There is a stone staircase leading up, spattered with blood here.
You feel very mighty all of a sudden.
You barely miss Edmund.
Edmund is severely wounded.
Edmund hits you with a dire flail of protection!
* * * LOW HITPOINT WARNING * * *
Edmund says, "A flail is better than a scythe, any day of the week!"
Edmund misses you.
You closely miss Edmund.
Edmund is severely wounded.
Edmund no longer looks unusually strong.
Edmund barely misses you.
You barely miss Edmund.
Edmund is severely wounded.
Edmund says, "People think my brother is the best.
I think he's crazy."
Edmund hits you with a dire flail of protection!
You die...

# #....###....##..)........####
##..............)............
#.###.##...#...#......##..). .
##.. #..#.##...###.....##....
.###..# #..####...##......)..)..
..#..# #...###)..#..#...##.....
.... ##..#.............##....
##..## #.....).#..........#...)
#..# ##.....)@@)..............
#..###..#..##.######..#.......
##..#....#)######Z######......
#......##....##ยง#g##.'.......
#....####.##.#.#####.#.......
##.....#.....##g#_...##...... ##
##...#......#.####...###......
..##<.#####......####.._##.......
......### ##......#...###........


You could see Edmund.

Vanquished Creatures
  2 hounds
  A gnoll shaman (D:4)
  An iguana (D:4)
  A worker ant (D:4)
  Robin (D:4)
  4 gnolls (D:4)
  5 adders
  4 worms
  A dart slug (D:2)
  3 leopard geckos
  6 orcs
  A ball python (D:2)
  4 giant cockroaches
  18 goblins
  12 hobgoblins
  6 kobolds
  10 bats
  3 frilled lizards
  5 rats
88 creatures vanquished.

Notes
Turn   | Place    | Note
-------+----------+-------------------------------------------
     0 | D:1      | tilp the Hill Orc Fire Elementalist began the quest for the Orb.
     0 | D:1      | Reached XP level 1. HP: 14/14 MP: 3/3
   651 | D:1      | Reached XP level 2. HP: 20/20 MP: 2/4
  1232 | D:2      | Reached XP level 3. HP: 26/26 MP: 1/6
  1255 | D:2      | Learned a level 2 spell: Throw Flame
  1259 | D:2      | Learned a level 3 spell: Conjure Flame
  1877 | D:2      | Reached skill level 4 in Fire Magic
  1928 | D:2      | Reached XP level 4. HP: 32/33 MP: 3/7
  2632 | D:3      | Reached XP level 5. HP: 36/38 MP: 8/8
  2651 | D:3      | Found a bloodstained altar of Trog.
  3229 | D:3      | Found a shadowy altar of Dithmenos.
  3677 | D:3      | Found a stormy altar of Qazlal.
  3678 | D:3      | Found a blossoming altar of Fedhas.
  4054 | D:4      | Noticed Grinder
  4061 | D:3      | Reached skill level 1 in Axes
  4500 | D:4      | Reached XP level 6. HP: 41/45 MP: 4/10
  4601 | D:4      | Noticed Robin
  4687 | D:4      | Found a shimmering altar of Xom.
  4688 | D:4      | Found a hazy altar of Hepliaklqana.
  4689 | D:4      | Noticed a spectral ugly thing
  4749 | D:4      | Noticed Edmund
  5423 | D:4      | Killed Robin
  5912 | D:4      | Slain by Edmund

Vault maps used:
D:1:      dpeg_arrival_circle_labyrinth_c
D:2:      minmay_door_path, kennysheep_generic_room_13
D:3:      grunt_temple_overflow_forces_of_nature,
          nicolae_dithmenos_through_a_glass_darkly,
          nicolae_overflow_crystal_walls
D:4:      cheibrodos_greedy_goblins, regret_index_temple_of_mockery,
          trog_three_pillars_becter, uniq_edmund, uniq_grinder, uniq_robin

Skill      XL: |  1  2  3  4  5  6 |
---------------+-------------------+-----
Spellcasting   | 2 3 |  3.5
Conjurations   | 2 |  2.8
Fire Magic     | 4 |  4.3
Axes           | 2 3 |  3.5
Dodging        | |  1.5
Stealth        | |  1.5

Action                   |  1- 3 |  4- 6 || total
-------------------------+-------+-------++-------
Melee: Club              |    18 |       ||    18
       Mace              |     4 |       ||     4
       Dagger            |    43 |    38 ||    81
       War axe           |       |    75 ||    75
 Cast: Flame Tongue      |    39 |    91 ||   130
       Throw Flame       |     1 |    11 ||    12
       Conjure Flame     |       |     3 ||     3
  Use: Scroll            |       |     5 ||     5
       Potion            |       |     1 ||     1
 Stab: Sleeping          |     4 |     2 ||     6
  Eat: Chunk             |     4 |    12 ||    16
       Royal jelly       |       |     1 ||     1
Armor: Robe              |    14 |    25 ||    39
Dodge: Dodged            |    62 |    92 ||   154

Table legend:
 A = Spawn XP
 B = Non-spawn XP
 C = Spawn XP percentage of total XP
 D = Spawn monster count
 E = Non-spawn monster count
 F = Spawn count percentage of total count
 G = Total turns spent on level
                    A         B        C        D         E        F      G
               +---------+---------+-------+---------+---------+-------+---------
         Total |       0 |     481 |   0.0 |       0 |      88 |   0.0 |  5912
               +---------+---------+-------+---------+---------+-------+---------
           D:1 |       0 |      20 |   0.0 |       0 |      12 |   0.0 |  1162
           D:2 |       0 |     138 |   0.0 |       0 |      30 |   0.0 |  1419
           D:3 |       0 |      78 |   0.0 |       0 |      13 |   0.0 |  1815
           D:4 |       0 |     245 |   0.0 |       0 |      33 |   0.0 |  1516
               +---------+---------+-------+---------+---------+-------+---------
